Zazza, neutral female human Tourist ---- ---- |..| -- --..--|..| |. ------------------------....--.-- -....)............................| |... -----------------------.....---- - -- ---- |.....---- | ------- |..| |........-- |.|......-|..-- --........| --.....D...|...| ---.....(.-- |.............. --.........| |......G......- |...%......| -...........| |...*).....- ---........-| --...).--...| |.. ----@.| --- --....--|..-- -- --.------.---.....| ---- |..--.<..........-- |..^..............| ----.----..--.|..-- --- ---------- Zazza the Excursionist Experience level: 8 Strength: 13 Dexterity: 12 Constitution: 17 Intelligence: 12 Wisdom: 9 Charisma: 18 Health: 0(66) Energy: 37(37) Def: 3 Gold: 0 Moves: 9703 Dungeon seed: KefYTaAXpRlPUAI3 Game ID: Zazza_1581180284 Your Inventory: Armor e - an uncursed +0 orcish helm (being worn) n - an uncursed burnt +0 cloak of displacement (being worn) q - a blessed +1 pair of leather gloves (being worn) r - an uncursed burnt +0 pair of speed boots (being worn) Scrolls W - a cursed scroll of teleportation Potions T - an uncursed potion of booze Rings f - an uncursed ring of warning (on right hand) j - an uncursed ring of teleport control (on left hand) K - an uncursed +0 ring of increase accuracy Z - an uncursed ring of invisibility Wands g - a wand of slow monster (0:7) i - a wand of sleep (0:6) P - a wand of cancellation (0:5) Tools c - a blessed +0 unicorn horn (weapon in hands) k - an uncursed skeleton key m - an uncursed mirror s - an uncursed magic whistle t - an uncursed towel v - an uncursed stethoscope z - a blessed bag of holding Q - a magic marker (0:42) V - 7 blessed tallow candles (0:200) Gems d - a blessed touchstone y - a blessed luckstone G - an uncursed chrysoberyl stone Contents of the bag of holding: 3976 gold pieces 16 +0 arrows a +0 crossbow 3 +0 crossbow bolts 6 +0 daggers 23 +2 darts 12 +0 darts a +0 dwarvish spear 2 +1 orcish daggers 3 +0 orcish daggers a +0 scimitar 6 +0 shuriken a blessed +1 sling a +0 sling a +0 war hammer a blessed +0 Hawaiian shirt an uncursed +0 dwarvish cloak an uncursed +0 elven cloak an uncursed +0 fedora an uncursed +0 mummy wrapping an uncursed +0 orcish helm an uncursed +0 orcish helm an uncursed +0 orcish helm an uncursed +0 orcish helm an uncursed +0 pair of iron shoes 2 uncursed apples 2 uncursed bananas an uncursed carrot an uncursed clove of garlic 3 uncursed cram rations an uncursed egg 2 uncursed food rations 2 uncursed fortune cookies 2 uncursed lembas wafers an uncursed lizard corpse an uncursed melon an uncursed orange an uncursed pancake an uncursed pear 2 uncursed slime molds an uncursed tin of white unicorn meat a cursed scroll of amnesia 6 uncursed scrolls of blank paper an uncursed scroll of create monster a blessed scroll of destroy armor an uncursed scroll of earth a cursed scroll of earth 2 uncursed scrolls of enchant weapon a cursed scroll of fire an uncursed scroll of food detection an uncursed scroll of gold detection an uncursed scroll of identify a cursed scroll of light a blessed scroll of magic mapping an uncursed scroll of remove curse a cursed scroll of remove curse a cursed scroll of teleportation an uncursed spellbook of detect monsters an uncursed spellbook of detect treasure an uncursed spellbook of dig an uncursed potion of confusion an uncursed potion of enlightenment an uncursed potion of extra healing an uncursed potion of fruit juice 3 uncursed potions of gain energy an uncursed potion of hallucination a cursed potion of hallucination a cursed potion of healing a potion of holy water 2 uncursed potions of levitation an uncursed potion of object detection 2 uncursed potions of sickness an uncursed ring of cold resistance an uncursed ring of levitation an uncursed ring of polymorph an uncursed +0 ring of protection an uncursed ring of protection from shape changers an uncursed ring of slow digestion an uncursed ring of teleport control a wand of create monster (0:6) a wand of enlightenment (0:11) a wand of make invisible (0:6) a wand of make invisible (0:4) a wand of slow monster (0:7) a wand of slow monster (0:5) a wand of teleportation (0:5) a magic harp (0:5) a +0 pick-axe a tinning kit (0:32) an uncursed wooden harp an uncursed citrine stone an uncursed opal Spells and supernatural/magical abilities: Name Level Category Fail Memory W - pray for help -- divine ? -- Your skills at the end: Fighting Skills Weapon Skills dagger [Expert] dart [Basic] unicorn horn [Basic] Spellcasting Skills Final Attributes: You were piously aligned. You were poison resistant. You were telepathic. You were warned. You were displaced. You could teleport. You had teleport control. You were very fast. You were lucky. You had extra luck. Good luck did not time out for you. You are dead. Vanquished creatures: a ghost 2 giant mimics 2 large mimics a small mimic a red naga a leprechaun a gnome king an orc mummy 2 dingos a white unicorn a dust vortex a gnome mummy an ape 3 human zombies a bugbear 3 wood nymphs a rock piercer a rock mole 3 fog clouds 3 shriekers 9 gnome lords 3 gnomish wizards a kobold mummy 2 red naga hatchlings 2 black naga hatchlings a gray ooze 2 elf zombies 2 straw golems 3 paper golems 2 giant ants a little dog 3 floating eyes 11 dwarves 2 homunculi a kobold lord a kobold shaman 5 hill orcs 2 rabid rats a monkey an orc zombie a dwarf zombie a werejackal 4 iguanas 2 acid blobs 3 coyotes 7 gas spores 5 hobbits 3 large kobolds 4 hobgoblins 3 giant rats 6 cave spiders 3 brown molds 5 yellow molds 5 green molds 2 red molds 29 gnomes 10 garter snakes 2 gnome zombies 7 geckos 6 jackals 3 foxes 10 kobolds 4 goblins 5 sewer rats 9 grid bugs 8 lichens 13 newts 246 creatures vanquished. Voluntary challenges: You used a wielded weapon 548 times, starting on turn 842. You read items or engraved 17 times, starting on turn 523. You never genocided any monsters. You never polymorphed an object. You never changed form. You used no wishes. You never split a pudding. You wrote Elbereth's name 9 times, starting on turn 1222. You violated your moral code, losing 73 points of alignment, starting on turn 2382. Dungeon overview: The Dungeons of Doom: levels 1 to 7 Level 1 an altar to Offler a long staircase Level 2 a potion shop Level 3 some fountains stairs to The Gnomish Mines Level 4 a hardware shop, an altar to The Lady, a fountain Level 5 some fountains Level 6 many fountains Level 7 a fountain stairs to Sokoban The Gnomish Mines: levels 4 to 8 Level 4 stairs to The Dungeons of Doom Level 5 Level 6 many shops, a temple to Blind Io, some fountains, some trees Level 7 Level 8 <- You were here Sokoban: levels 3 to 6 Level 3 Level 4 Level 5 Level 6 stairs to The Dungeons of Doom History has recorded: On T:1 you entered the Dungeons of Doom to retrieve the Amulet of Yendor! On T:605 you advanced to experience level 2. On T:666 you reached level 2 of The Dungeons of Doom. On T:1137 you reached level 3 of The Dungeons of Doom. On T:1652 you reached level 4 of The Dungeons of Doom. On T:1777 you advanced to experience level 3. On T:1999 you advanced to experience level 4. On T:2378 you reached level 5 of The Dungeons of Doom. On T:2650 you reached level 6 of The Dungeons of Doom. On T:2776 you advanced to experience level 5. On T:2854 you reached level 7 of The Dungeons of Doom. On T:2902 you reached level 4 of Sokoban. On T:3403 you reached level 3 of Sokoban. On T:4193 you advanced to experience level 6. On T:4224 you reached level 2 of Sokoban. On T:4762 you reached level 1 of Sokoban. On T:6120 you advanced to experience level 7. On T:6727 you reached level 1 of The Gnomish Mines. On T:6903 you reached level 2 of The Gnomish Mines. On T:7837 you advanced to experience level 8. On T:7997 you reached level 3 of The Gnomish Mines. On T:8633 you reached level 4 of The Gnomish Mines. On T:9567 you reached level 5 of The Gnomish Mines. Score breakdown: Gold: 3829 (12188 points) Experience: 8 levels (14739 points) Exploration: 8 levels ( 16.67%) (11577 points) Discoveries: 41 items ( 13.76%) (11127 points) Valuables value: (no points given unless you survive) Artifact value: 0 ( 0 points) Variety of kills: 67 monsters ( 17.59%) (12580 points) Turncount: 9703 turns (-2334 points) Survival: died (score multiplied by 80%) Total score: 47901 Latest messages: To what position do you want to be teleported? You kill the gnomish wizard! You see here a gnomish wizard corpse. This gnomish wizard corpse tastes terrible! You stop eating. Please move the cursor to an unknown object. Never mind. You fall into a pit! You are still in a pit. You crawl to the edge of the pit. The gray dragon breathes fragments! The blast of missiles hits you! You die... Final status: Aloha Zazza the Tourist, killed by a blast of missiles... You died in The Gnomish Mines on dungeon level 8 with 47901 points, and 3976 pieces of gold, after 9703 moves. You were level 8 with a maximum of 66 hit points when you died.